 Dungeon Crawl Stone Soup version 0.30-a0-170-g85af917532 (webtiles) character file.

Game seed: 7529378133588078457

172 qw the Chopper (level 5, -5/32 HPs)
             Began as a Gargoyle Fighter on Sept 30, 2022.
             Killed from afar by an orc wizard (11 damage)
             ... with a magic dart
             ... on level 4 of the Dungeon.
             The game lasted 00:01:07 (2946 turns).

qw the Chopper (Gargoyle Fighter)                   Turns: 2946, Time: 00:01:07

Health: -5/32      AC: 17    Str: 22    XL:     5   Next: 52%
Magic:  5/5        EV: 21    Int:  8    God:
Gold:   104        SH:  0    Dex:  9    Spells: 4/4 levels left

rFire   . . .      SeeInvis .    Y - +1 war axe
rCold   . . .      Faith    .    c - +0 buckler
rNeg    + . .      Spirit   .    q - +0 plate armour
rPois   inf        Reflect  .    (no helmet)
rElec   +          Harm     .    n - +1 cloak
rCorr   .          Rampage  .    (no gloves)
Will    .....                    (no boots)
Stlth   ..........               l - amulet of the acrobat
HPRegen 0.10/turn                (no ring)
MPRegen 0.09/turn                (no ring)

@: confused, acrobatic
A: sickness immunity, AC +4, negative energy resistance 1, electricity
resistance, torment resistance 1, petrification resistance
a: no special abilities


You were on level 4 of the Dungeon.
You visited 1 branch of the dungeon, and saw 4 of its levels.

You collected 104 gold pieces.


Innate Abilities, Weirdness & Mutations

You are immune to sickness and miasma.
Your stone body is resilient. (AC +4)
You are immune to poison.
You resist negative energy. (rN+)
You are resistant to electric shocks. (rElec)
You are resistant to unholy torment.
You are immune to petrification.


   Skills:
 + Level 3.2 Fighting
 - Level 5.1 Axes
 - Level 3.2 Armour
 - Level 3.2 Shields


You had 4 spell levels left.
You didn't know any spells.
Your spell library was empty.

Inventory:

Hand Weapons
 g - a +0 mace
 Y - a +1 war axe (weapon)
Armour
 c - a +0 buckler (worn)
 n - a +1 cloak (worn)
 q - a +0 plate armour (worn)
Jewellery
 l - an amulet of the acrobat (around neck)
Scrolls
 k - 2 scrolls of identify
Potions
 a - a potion of brilliance {unknown}
 d - 3 potions of might
 f - a potion of flight {unknown}
 h - 3 potions of haste
 i - a potion of lignification {unknown}
 j - a potion of degeneration {unknown}
 m - a potion of ambrosia {unknown}
 o - a potion of invisibility {unknown}
 p - a potion of heal wounds {unknown}

Dungeon Overview and Level Annotations

Branches:
Dungeon (4/15)
 Temple: D:4-7

Altars:
Makhleb


Message History

You barely miss something. You miss something.
Something hits you but does no damage. x2; You block the orc wizard's attack.
Something hits you but does no damage. x2
You miss the orc wizard.
The orc wizard is severely wounded.
You barely miss something. You miss something.
The orc wizard gestures at you while chanting.
The magic dart hits you but does no damage.
Something hits you but does no damage. x3
You closely miss the orc wizard.
The orc wizard is severely wounded.
You miss something. x2
The orc wizard hits you but does no damage.
Something hits you but does no damage. x2
The orc wizard hits you but does no damage.
Something hits you but does no damage. x2
You slash the orc wizard!
You kill the orc wizard!
You barely miss something. You completely miss something.
Something hits you but does no damage. x2
Your Axes skill increases to level 5!
You slash something! You hit something but do no damage.
You hear some strange, mumbled words.
Something tries to affect you, but you resist.
You hear some strange, mumbled words.
A magic dart appears from out of thin air!
The magic dart hits you. Something hits you but does no damage.
You barely miss something. x2
Something hits you but does no damage.
You hear some strange, mumbled words.
You are confused.
You hear some strange, mumbled words.
Something tries to affect you, but you resist.
You're too confused to attack without stumbling around!
There is a strange disturbance nearby!
Something hits you. Something completely misses you.
You hear some strange, mumbled words.
A magic dart appears from out of thin air!
The magic dart hits you!
You die...

#.~~.###..#
#.~#####..#
#.# #....#.#
#? #.#.###.. .
#..## #... #
#...###$.#.#
##.......#. .
#..{.###.# .
#{@..# #.)..#
....$$.....
......$.$.###
.............
###.###.######
... #.. ## ###


There were no monsters in sight!

Vanquished Creatures
  Terence (D:3)
  An orc wizard (D:4)
  3 gnolls (D:3)
  2 adders (D:2)
  2 worms (D:2)
  2 dart slugs
  2 orcs (D:3)
  2 endoplasms
  4 giant cockroaches
  4 goblins
  9 hobgoblins
  5 quokkas
  11 ball pythons
  3 bats (D:3)
  5 frilled lizards
  7 kobolds
  5 rats
68 creatures vanquished.

Vanquished Creatures (others)
  3 withered plants (D:4)
3 creatures vanquished.

Grand Total: 71 creatures vanquished

Notes
Turn   | Place    | Note
-------+----------+-------------------------------------------
     0 | D:1      | qw the Gargoyle Fighter began the quest for the Orb.
     0 | D:1      | Reached XP level 1. HP: 14/14 MP: 1/1
     0 | D:1      | 0 ||| qw: Version: 0.2-a-12-gaebbb33
     0 | D:1      | 0 ||| qw: Game counter: 1464
     0 | D:1      | 0 ||| qw: Always use a shield: true
     0 | D:1      | 0 ||| qw: God list: Okawaru
     0 | D:1      | 0 ||| qw: Allow faded altars: false
     0 | D:1      | 0 ||| qw: Do Orc after D:15 true
     0 | D:1      | 0 ||| qw: Do second Lair branch before Depths: true
     0 | D:1      | 0 ||| qw: Lair rune preference: random
     0 | D:1      | 0 ||| qw: Plans: Normal, Zot:1-4, God:TSO, Crypt, Tomb,
                  | Pan, Slime:5, Hells, Abyss, Orb
     0 | D:1      | 0 ||| PLANNING D:1-11
    58 | D:1      | Reached skill level 2 in Axes
   177 | D:1      | Reached XP level 2. HP: 19/19 MP: 2/2
   320 | D:1      | Found a faded altar of an unknown god.
   548 | D:1      | 548 ||| Stepping ~*~*~tactically~*~*~ (stealth).
   558 | D:1      | 558 ||| Stepping ~*~*~tactically~*~*~ (stealth).
   633 | D:1      | Reached skill level 3 in Axes
   771 | D:1      | Reached XP level 3. HP: 23/23 MP: 3/3
  1087 | D:1      | 1087 ||| DROPPING orb of guile.
  1088 | D:1      | 1088 ||| READING scroll labelled MEKIUR NUETEYS.
  1089 | D:1      | 1089 ||| READING 2 scrolls labelled RALICLA KALLI.
  1090 | D:1      | 1090 ||| READING scroll labelled FINAUSU LYAMA.
  1091 | D:1      | 1091 ||| DRINKING 2 glowing clear potions.
  1092 | D:1      | 1092 ||| DRINKING 2 sedimented cyan potions.
  1356 | D:2      | Reached XP level 4. HP: 28/28 MP: 4/4
  1462 | D:2      | Found a burning altar of Makhleb.
  1673 | D:2      | 1673 ||| UPGRADING to +1 cloak.
  1678 | D:2      | 1678 ||| UPGRADING to amulet of the acrobat.
  1683 | D:2      | 1683 ||| READING scroll labelled LOVIED BENLU.
  1684 | D:2      | 1684 ||| READING scroll labelled JAAWNU BAOC.
  1716 | D:3      | Reached skill level 4 in Axes
  1788 | D:3      | 1788 ||| Stepping ~*~*~tactically~*~*~ (stealth).
  1790 | D:3      | 1790 ||| Stepping ~*~*~tactically~*~*~ (stealth).
  1792 | D:3      | 1792 ||| Stepping ~*~*~tactically~*~*~ (stealth).
  1792 | D:3      | Noticed Terence
  1793 | D:3      | 1793 ||| Stepping ~*~*~tactically~*~*~ (stealth).
  1800 | D:3      | 1800 ||| Stepping ~*~*~tactically~*~*~ (stealth).
  1803 | D:3      | Killed Terence
  1811 | D:3      | 1811 ||| DROPPING +0 club.
  1832 | D:3      | 1832 ||| Stepping ~*~*~tactically~*~*~ (stealth).
  1833 | D:3      | 1833 ||| Stepping ~*~*~tactically~*~*~ (stealth).
  2019 | D:3      | 2019 ||| Stepping ~*~*~tactically~*~*~ (hiding).
  2028 | D:3      | Reached XP level 5. HP: 29/32 MP: 5/5
  2037 | D:3      | 2037 ||| Stepping ~*~*~tactically~*~*~ (stealth).
  2066 | D:3      | 2066 ||| FLEEEEING.
  2067 | D:3      | 2067 ||| FLEEEEING.
  2069 | D:3      | 2069 ||| FLEEEEING.
  2070 | D:3      | 2070 ||| FLEEEEING.
  2071 | D:3      | 2071 ||| FLEEEEING.
  2072 | D:3      | 2072 ||| FLEEEEING.
  2073 | D:3      | 2073 ||| FLEEEEING.
  2074 | D:3      | 2074 ||| FLEEEEING.
  2075 | D:3      | 2075 ||| FLEEEEING.
  2076 | D:3      | 2076 ||| FLEEEEING.
  2077 | D:3      | 2077 ||| FLEEEEING.
  2078 | D:3      | 2078 ||| FLEEEEING.
  2079 | D:3      | 2079 ||| FLEEEEING.
  2080 | D:3      | 2080 ||| FLEEEEING.
  2081 | D:3      | 2081 ||| FLEEEEING.
  2082 | D:3      | 2082 ||| FLEEEEING.
  2083 | D:3      | 2083 ||| FLEEEEING.
  2084 | D:3      | 2084 ||| FLEEEEING.
  2085 | D:3      | 2085 ||| FLEEEEING.
  2086 | D:3      | 2086 ||| FLEEEEING.
  2087 | D:3      | 2087 ||| FLEEEEING.
  2088 | D:3      | 2088 ||| FLEEEEING.
  2089 | D:3      | 2089 ||| FLEEEEING.
  2090 | D:3      | 2090 ||| FLEEEEING.
  2091 | D:3      | 2091 ||| FLEEEEING.
  2092 | D:3      | 2092 ||| FLEEEEING.
  2096 | D:3      | 2096 ||| FLEEEEING.
  2097 | D:3      | 2097 ||| FLEEEEING.
  2106 | D:3      | 2106 ||| FLEEEEING.
  2107 | D:3      | 2107 ||| FLEEEEING.
  2108 | D:3      | 2108 ||| FLEEEEING.
  2109 | D:3      | 2109 ||| FLEEEEING.
  2110 | D:3      | 2110 ||| STAIRDANCE
  2222 | D:2      | 2222 ||| UPGRADING to +0 plate armour.
  2232 | D:2      | 2232 ||| DROPPING +0 scale mail.
  2233 | D:2      | 2233 ||| READING scroll labelled ENEQIOCESY.
  2483 | D:3      | 2483 ||| Stepping ~*~*~tactically~*~*~ (hiding).
  2888 | D:4      | 2888 ||| PLANNING SEWER
  2920 | D:4      | 2920 ||| Stepping ~*~*~tactically~*~*~ (hiding).
  2922 | D:4      | 2922 ||| Stepping ~*~*~tactically~*~*~ (stealth).
  2927 | D:4      | 2927 ||| DRINKING potion of curing.
  2927 | D:4      | 2927 ||| (to cure confusion)
  2944 | D:4      | Reached skill level 5 in Axes
  2946 | D:4      | HP: 6/32 [something (3)]
  2946 | D:4      | Killed from afar by an orc wizard

Levels and vault maps discovered:
D:1:      nicolae_arrival_somewhat_less_tricky_arrival, layout_loops_corners,
          shapermc_ecumenical_altar_mp_highgroup
D:2:      layout_rooms, basic_altar, st_stairs_11
D:3:      layout_basic, minmay_misc_feat_iff, minmay_misc_feat_roman,
          minmay_diced_spiral, uniq_terence
D:4:      layout_loops_ring, minmay_temple_entry_offerings,
          cheibrodos_sewer_entry_drain, serial_rivers,
          chequers_serial_rivers_micro_e, chequers_serial_rivers_room_b,
          chequers_serial_rivers_micro_b, chequers_serial_rivers_small_b,
          chequers_serial_rivers_large_a, chequers_serial_rivers_micro_d,
          grunt_decor_clamped, dilly_guarded_unrand_morg

Skill      XL: |  1  2  3  4  5 |
---------------+----------------+-----
Axes           | 2 3 4 5 |  5.1
Fighting       | |  3.2
Armour         | |  3.2
Shields        | |  3.2

Action                   |  1- 3 |  4- 6 || total
-------------------------+-------+-------++-------
Melee: War axe           |    82 |    97 ||   179
  Use: Scroll            |     3 |     3 ||     6
       Potion            |     2 |     1 ||     3
Armor: Scale mail        |    32 |    23 ||    55
       Plate armour      |       |    48 ||    48
Dodge: Dodged            |    37 |    57 ||    94
Block: Buckler           |    15 |    12 ||    27

Table legend:
 A = Non-vault XP
 B = Vault XP
 C = Vault XP percentage of total XP
 D = Non-vault monster count
 E = Vault monster count
 F = Vault count percentage of total count
                 A         B        C        D         E       F
            +---------+---------+-------+---------+---------+-------
      Total |     200 |      46 |  18.7 |      60 |       8 |  11.8
            +---------+---------+-------+---------+---------+-------
        D:1 |      42 |       0 |   0.0 |      25 |       0 |   0.0
        D:2 |      50 |       3 |   5.7 |      12 |       2 |  14.3
        D:3 |      74 |      43 |  36.8 |      21 |       6 |  22.2
        D:4 |      34 |       0 |   0.0 |       2 |       0 |   0.0
            +---------+---------+-------+---------+---------+-------
